AoeStats
← [Massa] Edo

Arena

510231413Analyzed
3v3 RM · 12h ago on Sep 30, 2026· 46m 9s· 6 players
Game mode
Random Map
Map size
Normal (6 player)
Population
200
Speed
Normal
Resources
Standard
Victory
Conquest
Starting age
Dark Age
Ending age
Imperial Age
RankedLock teamsTeams togetherTeam positionsShared explorationLock speedFull tech treeHidden civsTurbo modeCheats
Victory
Defeat
🇵🇪 Goths · Peru
1468
+16
🇵🇪 Cumans · Peru
1403
+18
🇵🇪 Italians · Peru
1373
+19
🇺🇸 Koreans · United States
1494
-19
🇧🇷 Mongols · Brazil
1442
-17
🇧🇷 Varangians · Brazil
1425
-17
MZTK | Lenz
9:47 Feudal Age
13:23 Castle Age
15:13 Loom
15:58 Fletching
16:25 Double-Bit Axe
18:50 Horse Collar
24:15 Wheelbarrow
25:59 Hand Cart
25:46 Heavy Plow
28:15 Bodkin Arrow
29:48 Bow Saw
31:08 Town Watch
31:38 Padded Archer Armor
35:32 Imperial Age
33:31 Leather Archer Armor
36:24 Bracer
36:55 Ring Archer Armor
37:59 Crossbowman
39:07 Arbalester
39:52 Thumb Ring
41:34 Two-Man Saw
41:04 Crop Rotation
46:22 Chemistry
45:43 Ballistics
45:36 Treadmill Crane
TheRe@l_Milo
10:18 Feudal Age
14:49 Castle Age
12:51 Double-Bit Axe
15:07 Loom
16:39 Bow Saw
22:33 Wheelbarrow
24:01 Hand Cart
26:39 Horse Collar
34:29 Imperial Age
32:26 Scale Mail Armor
32:36 Forging
32:43 Town Watch
33:32 Chain Mail Armor
32:42 Man-at-Arms
33:37 Anarchy
33:51 Gold Mining
33:47 Long Swordsman
35:13 Iron Casting
34:39 Two-Handed Swordsman
34:45 Capped Ram
35:57 Conscription
35:37 Champion
36:43 Heavy Plow
39:17 Blast Furnace
38:15 Elite Huskarl
39:36 Perfusion
41:02 Onager
41:50 Town Patrol
brachigol
8:39 Feudal Age
9:13 Double-Bit Axe
11:21 Horse Collar
14:46 Loom
21:03 Castle Age
19:48 Wheelbarrow
19:29 Gold Mining
20:44 Scale Barding Armor
20:50 Forging
21:54 Bloodlines
21:37 Capped Ram
22:45 Chain Barding Armor
22:37 Bow Saw
22:28 Heavy Plow
28:34 Hand Cart
31:07 Gold Shaft Mining
30:23 Stone Mining
34:24 Imperial Age
31:46 Pikeman
32:27 Squires
32:29 Scale Mail Armor
33:43 Chain Mail Armor
34:04 Iron Casting
33:15 Arson
34:45 Halberdier
35:56 Plate Mail Armor
36:27 Blast Furnace
36:28 Two-Man Saw
36:02 Crop Rotation
37:14 Conscription
36:58 Onager
38:36 Siege Onager
38:56 Siege Ram
43:37 Chemistry
42:48 Masonry
[Massa] Edo
9:29 Feudal Age
13:10 Castle Age
11:28 Double-Bit Axe
11:36 Horse Collar
15:30 Bow Saw
16:24 Loom
22:59 Wheelbarrow
24:36 Heavy Plow
24:28 Gold Mining
28:17 Imperial Age
26:48 Gold Shaft Mining
26:22 Scale Barding Armor
27:37 Forging
28:15 Husbandry
28:56 Chain Barding Armor
29:42 Bloodlines
29:11 Heavy Camel Rider
31:09 Iron Casting
31:18 Conscription
33:27 Blast Furnace
34:49 Ballistics
35:31 Chemistry
37:54 Stone Mining
37:27 Light Cavalry
37:52 Heavy Scorpion
40:45 Drill
40:48 Hussar
tg
11:49 Feudal Age
13:17 Double-Bit Axe
16:22 Castle Age
14:33 Horse Collar
17:20 Bow Saw
18:49 Heavy Plow
20:06 Wheelbarrow
22:13 Loom
26:30 Fletching
29:18 Imperial Age
27:51 Bodkin Arrow
el_Feist
11:02 Feudal Age
15:31 Castle Age
13:15 Horse Collar
13:27 Double-Bit Axe
16:23 Bow Saw
16:55 Scale Mail Armor
25:17 Pikeman
28:27 Wheelbarrow
27:39 Loom
28:22 Gold Mining
29:50 Chain Mail Armor
29:46 Forging
31:45 Squires
35:27 Imperial Age
33:12 Masonry
33:15 Squires
34:54 Forging
34:30 Town Watch
35:41 Heavy Plow
35:52 Arson
37:14 Chemistry
37:19 Conscription
37:49 Fortified Wall
38:54 Iron Casting
42:26 Plate Mail Armor
45:22 Elite Fire Lancer
Connection lost

Rejoining the realm…

Still unreachable

The connection could not be restored.

Session expired

The server has moved on; the page needs a fresh start.